Map: Тритон РВ

Players

FlashbackOne

  • Race: Terran Terran
  • League: Master
  • Spawn Location: 5:00

ИИ 1 (эксперт) - Winner!

  • Race: Zerg Zerg
  • Spawn Location: 11:00

VOD

Have the link to the VOD?

Description

Time

  • Played on: Jan. 21, 2020, 7:43 a.m.
  • Length: 9:39
Show
View Real Time Build Order
Export as new Build Order

FlashbackOne Terran 

Build Orders: Hellion Opening, Reaper Expand, Mech 

Get SALT Encoding   

  12  0:01  SCV  
  13  0:13  SCV  
  14  0:17  Supply Depot  
  14  0:25  SCV  
  15  0:39  SCV  
  15  0:40  Barracks  
  16  0:43  Refinery  
  16  0:51  SCV  
  17  1:03  SCV  
  18  1:16  SCV  
  19  1:27  Reaper  
  19  1:28  Orbital Command  
  20  1:39  Command Center  
  20  1:54  SCV  
  21  1:55  Supply Depot  
  21  1:59  Marine  
  22  2:04  Factory  
  22  2:11  SCV  
  22  2:12  Refinery  
  23  2:21  Barracks Reactor  
  23  2:24  SCV  
  24  2:36  SCV  
  25  2:39  Ghost Academy  
  25  2:48  SCV  
  26  2:51  Orbital Command  
  26  3:01  SCV  
  26  3:02  Barracks Tech Lab, Hellion x2  
  31  3:16  SCV  
  32  3:21  SCV  
  32  3:22  Ghost  
  32  3:26  Hellion x2  
  39  3:33  Supply Depot  
  39  3:37  SCV x2  
  41  3:47  Hellion x2  
  41  3:48  Armory  
  45  3:54  Ghost  
  47  3:57  Supply Depot  
  47  4:04  SCV x2  
  47  4:09  Hellion x2  
  53  4:19  SCV x2  
  53  4:23  Supply Depot  
  55  4:24  Supply Depot  
  55  4:33  Refinery  
  55  4:34  Refinery  
  55  4:37  Marine x2  
  57  4:39  Siege Tank  
  60  4:48  Factory  
  60  4:49  Factory, SCV  
  60  4:50  SCV  
  62  5:01  SCV  
  62  5:02  SCV  
  64  5:07  Barracks Tech Lab  
  64  5:11  Siege Tank  
  64  5:13  SCV  
  66  5:14  SCV  
  66  5:20  Terran Vehicle Weapons Level 1  
  65  5:27  Command Center  
  65  5:39  SCV x2  
  65  5:40  Siege Tank  
  70  5:43  Siege Tank  
  70  5:46  Hellion x2  
  77  5:59  SCV  
  77  6:00  SCV  
  73  6:07  Engineering Bay  
  73  6:10  Hellion  
  73  6:11  Hellion  
  70  6:12  Siege Tank  
  70  6:15  Siege Tank  
  74  6:19  SCV x2  
  74  6:21  Supply Depot  
  74  6:24  Supply Depot x2  
  76  6:28  Factory  
  76  6:29  Barracks Tech Lab  
  76  6:32  Factory  
  72  6:40  Missile Turret  
  72  6:41  Orbital Command  
  72  6:44  Factory Reactor, Missile Turret  
  72  6:57  Siege Tank x2  
  78  7:02  Orbital Command  
  78  7:11  Refinery x2  
  78  7:29  SCV  
  80  7:30  SCV x2  
  80  7:31  Siege Tank  
  80  7:32  Siege Tank x2  
  80  7:34  Hellion x4  
  98  7:42  SCV x3  
  101  7:49  Supply Depot  
  101  7:50  Missile Turret  
  101  7:54  SCV x3  
  101  7:55  Supply Depot  
  104  8:07  SCV x3  
  104  8:12  Armory  
  107  8:19  SCV x2  
  109  8:21  SCV  
  109  8:22  Hellion x8  
  109  8:26  Supply Depot x2  
  110  8:31  Siege Tank x2, SCV  
  110  8:32  Siege Tank  
  120  8:36  Command Center  
  120  8:41  Hellion x4  
  128  9:02  Hellion x4  
  136  9:25  Missile Turret  
  136  9:28  Missile Turret x2  
  136  9:30  Missile Turret  
  136  9:31  Missile Turret  
  136  9:34  Missile Turret  
  136  9:37  Supply Depot  
Show
View Real Time Build Order
Export as new Build Order

ИИ 1 (эксперт) Zerg - Winner!

Build Orders: Hatch First 

Get SALT Encoding   

  12  0:00  Drone  
  13  0:12  Overlord  
  13  0:16  Drone  
  14  0:31  Drone x2  
  14  0:34  Drone  
  17  0:54  Hatchery  
  17  0:56  Drone  
  17  1:12  Spawning Pool  
  17  1:13  Drone  
  17  1:17  Extractor  
  16  1:20  Drone  
  16  1:24  Drone  
  18  1:28  Drone  
  19  1:38  Overlord  
  19  1:49  Drone  
  20  1:59  Queen  
  20  2:00  Zergling x2  
  23  2:06  Drone  
  24  2:14  Queen  
  26  2:18  Drone  
  27  2:31  Roach Warren  
  27  2:34  Drone  
  27  2:37  Extractor  
  27  2:39  Drone  
  27  2:44  Overlord  
  27  2:48  Zergling x2  
  27  2:51  Drone  
  27  2:54  Drone  
  27  2:57  Drone  
  30  3:00  Drone  
  30  3:05  Drone  
  32  3:06  Zergling x2  
  32  3:10  Zergling x2  
  34  3:15  Roach  
  34  3:19  Roach  
  38  3:23  Roach  
  40  3:27  Roach  
  40  3:29  Drone  
  43  3:37  Overlord  
  43  3:43  Drone  
  43  3:44  Lair  
  43  3:48  Metabolic Boost  
  44  3:55  Drone x2  
  46  3:58  Drone  
  46  4:00  Drone  
  46  4:02  Drone  
  49  4:05  Drone  
  49  4:07  Drone  
  51  4:11  Overlord  
  51  4:13  Drone  
  52  4:19  Drone, Evolution Chamber  
  52  4:23  Drone, Evolution Chamber  
  52  4:29  Drone x2  
  54  4:33  Drone  
  54  4:35  Drone  
  54  4:37  Drone  
  57  4:39  Drone  
  57  4:40  Zergling x2  
  57  4:44  Drone, Infestation Pit  
  58  4:46  Zerg Missile Weapons Level 1  
  58  4:51  Zerg Ground Armor Level 1  
  58  4:54  Overlord  
  58  4:57  Overlord  
  58  4:58  Drone  
  59  5:10  Extractor  
  59  5:12  Drone, Roach x2  
  59  5:13  Drone  
  61  5:15  Hydralisk Den, Zergling x2  
  61  5:16  Zergling x2  
  61  5:18  Drone  
  61  5:20  Roach  
  55  5:23  Roach  
  55  5:25  Roach  
  55  5:27  Roach  
  61  5:29  Drone  
  61  5:30  Drone  
  61  5:33  Zergling x2  
  63  5:38  Drone  
  63  5:41  Extractor, Drone  
  64  5:44  Hydralisk x2, Drone  
  64  5:49  Roach  
  67  5:53  Roach  
  67  5:55  Overseer  
  69  5:59  Overlord  
  69  6:00  Drone  
  69  6:03  Drone x3  
  73  6:11  Infestor  
  73  6:18  Roach  
  76  6:21  Overlord  
  76  6:25  Roach  
  78  6:27  Spine Crawler  
  78  6:30  Infestor, Hatchery  
  78  6:31  Drone, Zergling x2  
  78  6:33  Zergling x2  
  78  6:36  Ravager, Roach  
  82  6:44  Ravager, Overlord  
  82  6:46  Roach  
  85  6:55  Roach  
  85  6:57  Roach  
  89  7:02  Hydralisk  
  89  7:03  Hydralisk, Overlord  
  93  7:10  Infestor  
  95  7:25  Infestor, Overlord  
  95  7:27  Roach  
  101  7:30  Roach  
  101  7:32  Roach  
  101  7:34  Zergling x4  
  101  7:35  Zergling x2  
  106  7:39  Zergling x2  
  106  7:41  Zergling x2, Zerg Melee Weapons Level 1, Evolution Chamber  
  106  7:42  Zergling x2  
  108  7:50  Overlord  
  108  7:51  Drone  
  109  7:52  Extractor  
  109  7:53  Drone  
  109  7:57  Extractor  
  108  8:01  Drone x2  
  108  8:03  Drone  
  111  8:06  Zergling x2  
  111  8:07  Drone, Zergling x2  
  111  8:12  Drone, Overlord, Spine Crawler  
  115  8:14  Drone  
  115  8:21  Queen  
  115  8:23  Drone x2  
  115  8:25  Drone  
  120  8:30  Queen  
  120  8:33  Overlord  
  123  8:34  Drone  
  123  8:35  Drone  
  123  8:38  Drone x3  
  127  8:44  Drone  
  127  8:46  Drone x2  
  130  8:51  Spore Crawler  
  130  8:55  Drone, Spore Crawler  
  129  8:56  Overlord  
  129  8:57  Drone  
  130  9:06  Drone  
  130  9:07  Drone  
  130  9:08  Drone  
  130  9:09  Spine Crawler  
  129  9:10  Drone x2, Zergling x2  
  129  9:16  Zergling x2  
  98  9:18  Roach  
  98  9:19  Roach  
  108  9:34  Ravager x2  
  108  9:35  Ravager  
  108  9:36  Ravager  
Tags
 
Add a new tag
Caveats
  • Supply blocks, unpowered buildings, or Contaminate may cause inaccurate times.
  • Supply counts are checked every 10 seconds.